 Dungeon Crawl Stone Soup version 0.18-a0-265-g7d804c3 (webtiles) character file.

2925 Proton the Blocker (level 10, -5/79 HPs)
             Began as a Formicid Fighter on Nov 26, 2015.
             Slain by a queen bee (15 damage)
             ... on level 8 of the Dungeon.
             The game lasted 00:16:17 (6727 turns).

Proton the Blocker (Formicid Fighter)               Turns: 6727, Time: 00:16:18

Health: -5/79      AC:  8    Str: 29    XL:     10   Next: 7%
Magic:  10/10      EV: 13    Int:  8    God:
Gold:   483        SH: 12    Dex: 12    Spells: 0 memorised, 9 levels left

rFire  . . .     SeeInvis +     a - +0 war axe
rCold  . . .     Clarity  .     C - +3 leather armour of the Blessings {MR+ SInv}
rNeg   + . .     SustAt   .     c - +0 shield
rPois  +         Gourm    .     (helmet unavailable)
rElec  .         Spirit   .     (no cloak)
rCorr  .         Warding  .     (no gloves)
rMut   .         Stasis   +     o - +0 pair of boots
MR     ++...                    (no amulet)
Stlth  ++........               p - +5 ring of strength
                                n - ring of positive energy

@: very resistant to hostile enchantments, unstealthy
A: permanent stasis, dig shafts and tunnels, four strong arms, antennae 3, thin
skeletal structure 1, poison resistance, wild magic 1
a: Dig, Shaft Self


You were on level 8 of the Dungeon.
You were not hungry.

You visited 2 branches of the dungeon, and saw 9 of its levels.

You collected 483 gold pieces.

Inventory:

Hand Weapons
 a - a +0 war axe (weapon)
Armour
 c - a +0 shield (worn)
 o - a +0 pair of boots (worn)
 C - the +3 leather armour of the Blessings (worn) {MR+ SInv}
   (You found it on level 5 of the Dungeon)

   It affects your resistance to hostile enchantments.
   It lets you see invisible.
Jewellery
 n - a ring of positive energy (left hand)
 p - a +5 ring of strength (right hand)
Wands
 j - a wand of fireball (3)
 l - a wand of cold (6)
 J - a wand of flame (42)
Scrolls
 b - a scroll of silence {unknown}
 f - 3 scrolls of remove curse
 h - 5 scrolls of enchant weapon
 i - 2 scrolls of blinking {unknown}
 q - 2 scrolls of amnesia {unknown}
 v - 3 scrolls of enchant armour {unknown}
 w - 3 scrolls of immolation {unknown}
 x - 2 scrolls of noise
 A - a scroll of teleportation {unknown}
 B - a scroll of recharging {unknown}
 E - 2 scrolls of magic mapping {unknown}
 F - a scroll of fear {unknown}
Potions
 d - 5 potions of might
 r - 3 potions of agility
 s - a potion of invisibility
 u - 2 potions of brilliance
 D - 2 potions of lignification
 I - 2 potions of flight {unknown}
Books
 g - a Young Poisoner's Handbook

   Spells                             Type                      Level
   a - Sting                          Conjuration/Poison           1
   b - Cure Poison                    Poison                       2
   c - Mephitic Cloud                 Conjuration/Poison/Air       3
   d - Olgreb's Toxic Radiance        Poison                       4
   e - Venom Bolt                     Conjuration/Poison           5
 m - a book of Callings

   Spells                             Type                      Level
   a - Summon Small Mammal            Summoning                    1
   b - Call Imp                       Summoning                    2
   c - Call Canine Familiar           Summoning                    3
   d - Summon Guardian Golem          Hexes/Summoning              3
   e - Summon Lightning Spire         Summoning/Air                4
   f - Summon Ice Beast               Ice/Summoning                4
 z - a Fen Folio

   Spells                             Type                      Level
   a - Corpse Rot                     Necromancy                   2
   b - Stone Arrow                    Conjuration/Earth            3
   c - Leda's Liquefaction            Hexes/Earth                  4
   d - Summon Forest                  Summoning/Translocation      5
   e - Hydra Form                     Transmutation                6
   f - Summon Hydra                   Summoning                    7
 G - a book of Dreams

   Spells                             Type                      Level
   a - Ensorcelled Hibernation        Hexes/Ice                    2
   b - Phase Shift                    Translocation                5
   c - Shadow Creatures               Summoning                    5
   d - Silence                        Hexes/Air                    5
   e - Darkness                       Hexes                        6
   f - Mass Confusion                 Hexes                        6
Comestibles
 e - 9 bread rations
 k - 10 beef jerkies
 H - 4 fruits


   Skills:
 + Level 7.2 Fighting
 + Level 6.1 Axes
 + Level 7.3 Armour
 + Level 5.3 Dodging
 + Level 8.0 Shields


You had 9 spell levels left.
You didn't know any spells.

Dungeon Overview and Level Annotations

Branches:
Dungeon (8/15)             Temple (1/1) D:6
   Lair: D:8-11

Altars:
Ashenzari
Dithmenos
Elyvilon
Fedhas
Gozag
Kikubaaqudgha
Makhleb
Nemelex Xobeh
Okawaru
Qazlal
Sif Muna
Vehumet
Yredelemnul
Zin
The Shining One

Shops:
D:6 =

Annotations:
D:3 1 exclusion


Innate Abilities, Weirdness & Mutations

You are under a permanent stasis effect.
You can dig through walls and to a lower floor.
Your four strong arms can wield two-handed weapons with a shield.
You have a pair of large antennae on your head (SInv).
You have a somewhat thin skeletal structure (Dex +2, Stealth).
Your system is resistant to poisons.
Your spells are a little harder to cast, but a little more powerful.


Message History

* * * LOW HITPOINT WARNING * * *
Drink which item? (? for menu, Esc to quit)
You are confused.
You feel invigorated. The queen bee completely misses you.
You hit the queen bee but do no damage.
The queen bee is severely wounded.
The queen bee stings you!
* * * LOW HITPOINT WARNING * * *
You are lethally poisoned!
The queen bee poisons you!
Drink which item? (? for menu, Esc to quit)
You feel better.
You feel less invigorated. You block the queen bee's attack.
You barely miss the queen bee.
The queen bee is severely wounded.
The queen bee stings you!
* * * LOW HITPOINT WARNING * * *
You slash the queen bee!
The queen bee is almost dead.
The queen bee stings you!
You die...

########
#......#
#.####.######
####.##........#
#.......#.####.#
#.##.####.# #.#
#.##......# #.#
#.######### #.#
#@# #.# #y#
#.### #####†#
#.... #..[..#
##### #...### .
#'y## .. ####
...... ... #...
#P..P..P.
....##.##
#P..P..Py.
#........#


You could see a queen bee.

Vanquished Creatures
  The ghost of Proton the Shield-Bearer, an amateur FoFi (D:3)
  A hippogriff (D:8)
  A water moccasin (D:4)
  An ice beast (D:6)
  2 centaurs
  7 ogres
  A phantom (D:4)
  4 giant frogs
  Blork the orc (D:5)
  3 scorpions
  6 killer bees (D:8)
  A centaur zombie (D:5)
  4 orc priests (D:7)
  2 giant frog zombies (D:7)
  4 orc wizards
  Ijyb (D:3)
  2 jellies
  6 iguanas
  A worker ant (D:7)
  A hound skeleton (D:4)
  10 adders
  2 shadow imps
  An ooze (D:1)
  2 adder skeletons
  A worm (D:3)
  6 giant geckos
  20 orcs
  A ball python (D:1)
  7 bats
  3 giant cockroaches
  14 goblins
  13 hobgoblins
  7 jackals
  9 kobolds
  5 quokkas
  A giant gecko skeleton (D:4)
  9 giant newts
  A jackal skeleton (D:4)
  2 quokka skeletons
  4 rats
  A butterfly (D:6)
169 creatures vanquished.

Vanquished Creatures (others)
  5 plants (D:8)
5 creatures vanquished.

Grand Total: 174 creatures vanquished

Notes
Turn   | Place    | Note
--------------------------------------------------------------
     0 | D:1      | Proton the Formicid Fighter began the quest for the Orb.
     0 | D:1      | Reached XP level 1. HP: 18/18 MP: 1/1
   157 | D:1      | Reached XP level 2. HP: 20/24 MP: 2/2
   521 | D:1      | Reached skill level 4 in Shields
   521 | D:1      | Reached XP level 3. HP: 29/29 MP: 3/3
   773 | D:2      | Found a basalt altar of Yredelemnul.
   826 | D:2      | Reached skill level 1 in Dodging
   884 | D:2      | Reached XP level 4. HP: 35/37 MP: 4/4
  1097 | D:2      | Found a shadowy altar of Dithmenos.
  1185 | D:2      | Found a white marble altar of Elyvilon.
  1396 | D:3      | Noticed Proton's ghost (amateur FoFi)
  1456 | D:3      | Noticed Ijyb
  1477 | D:3      | Killed Ijyb
  1477 | D:3      | Reached XP level 5. HP: 39/42 MP: 5/5
  1559 | D:4      | Noticed an ogre
  1569 | D:4      | Killed an ogre
  1569 | D:4      | Reached XP level 6. HP: 12/48 MP: 6/6
  1821 | D:4      | Reached skill level 5 in Shields
  2233 | D:4      | Reached XP level 7. HP: 40/55 MP: 7/7
  2630 | D:3      | Killed Proton's ghost
  3032 | D:3      | Found a deep blue altar of Sif Muna.
  3108 | D:5      | Entered Level 5 of the Dungeon
  3125 | D:5      | Got a slimy leather armour
  3136 | D:5      | Identified the +3 leather armour of the Blessings {MR+ SInv} (You found it on level 5 of the Dungeon)
  3245 | D:5      | Noticed Blork the orc
  3286 | D:4      | Gained mutation: You have large cloven feet. [potion of mutation]
  3286 | D:4      | Gained mutation: Your spells are a little harder to cast, but a little more powerful. [potion of mutation]
  3291 | D:4      | Reached skill level 5 in Fighting
  3291 | D:4      | Reached skill level 5 in Armour
  3291 | D:4      | Reached XP level 8. HP: 13/62 MP: 8/8
  3476 | D:4      | Gained mutation: You have a somewhat thin skeletal structure (Dex +2, Stealth). [potion of mutation]
  3476 | D:4      | Lost mutation: You have large cloven feet. [potion of mutation]
  3476 | D:4      | Gained mutation: Your system is resistant to poisons. [potion of mutation]
  3573 | D:5      | Killed Blork the orc
  3573 | D:5      | Reached skill level 6 in Shields
  4000 | D:6      | Found Xogiczon's Jewellery Emporium.
  4066 | D:6      | Found an iron altar of Okawaru.
  4330 | D:6      | Found a staircase to the Ecumenical Temple.
  4363 | Temple   | Entered the Ecumenical Temple
  4515 | D:6      | Reached skill level 5 in Axes
  4515 | D:6      | Reached XP level 9. HP: 52/69 MP: 9/9
  4717 | D:6      | Found a stormy altar of Qazlal.
  4734 | D:6      | Reached skill level 7 in Shields
  5239 | D:7      | Found a shattered altar of Ashenzari.
  5983 | D:7      | Found a blossoming altar of Fedhas.
  6246 | D:8      | Found a burning altar of Makhleb.
  6345 | D:8      | Reached skill level 5 in Dodging
  6591 | D:8      | Reached XP level 10. HP: 64/79 MP: 10/10
  6614 | D:8      | Reached skill level 8 in Shields
  6727 | D:8      | Slain by a queen bee

Vault maps used:
D:1:      onia_arrival_pentagram
D:2:      kennysheep_ying_yang, marbit_many_paths
D:3:      kennysheep_the_goblin_king, serial_forest,
          infiniplex_forest_clump_curved, infiniplex_forest_clump_diagonal,
          infiniplex_forest_zigzag_1, infiniplex_forest_zigzag_1,
          infiniplex_forest_fountain, tgw_sif, uniq_iyjb
D:5:      first_bread, uniq_blork_the_orc
D:6:      okawaru_gym_becter, kennysheep_little_box,
          minmay_temple_entry_butterflies, serial_shops, shop
D:7:      corexii_shack_village, fedhas_altar_4, overflow_temple_1_default,
          grunt_ogre_cave
D:8:      old_standard_altar, nicolae_looking_at_the_future
Temple:   nicolae_temple_great_sept

Action                   |  1- 3 |  4- 6 |  7- 9 | 10-12 || total
-------------------------+-------+-------+-------+-------++-------
Melee: War axe           |    77 |   144 |   443 |    39 ||   703
  Use: Potion            |       |       |     3 |     2 ||     5
       Scroll            |       |       |    10 |       ||    10
 Stab: Sleeping          |       |       |     8 |       ||     8
  Eat: Meat ration       |       |     1 |     1 |       ||     2
       Bread ration      |       |       |     2 |       ||     2
       Beef jerky        |       |       |       |     1 ||     1
